 Dungeon Crawl Stone Soup version 0.31-a0-486-g8d68a81214 (webtiles) character file.

Game seed: 17779075474357825858

70 Ofeo the Changeling (level 4, -8/37 HPs)
             Began as a Draconian Shapeshifter on Aug 7, 2023.
             Killed by an exploding gnoll (30 damage)
             ... ignited by their inner flame
             ... on level 2 of the Dungeon.
             The game lasted 00:02:31 (1236 turns).

Ofeo the Changeling (Draconian Shapeshifter)        Turns: 1236, Time: 00:02:31

Health: -8/37      AC:  5    Str: 17    XL:     4   Next: 3%
Magic:  4/4        EV: 12    Int:  8    God:
Gold:   115        SH:  0    Dex: 14    Spells: 3/3 levels left

rFire   . .          .
                       - Unarmed
rCold   . . .        (no shield)
rNeg    . . .        (body armour unavailable)
rPois   .            (helmet currently unavailable)
rElec   .            (cloak currently unavailable)
rCorr   .            (gloves currently unavailable)
SInv    .            (boots currently unavailable)
Will    .....        a - amulet of the acrobat
Stlth   +            (no ring)
HPRegen 0.26/turn    (no ring)
MPRegen 0.09/turn

%: acrobat
@: beast-form
A: beast (slay +2), AC +5, unfitting armour, cold-blooded
a: Begin Untransformation


You were on level 2 of the Dungeon.
You were a hulking beast.
You visited 1 branch of the dungeon, and saw 2 of its levels.

You collected 115 gold pieces.

Inventory:

Hand Weapons
 c - a +2 whip of venom
Missiles
 h - a poisoned dart (quivered)
Jewellery
 a - an amulet of the acrobat (around neck)
Talismans
 b - a beast talisman (active)
Scrolls
 e - a scroll of fog {unknown}
 f - a scroll of amnesia {unknown}
Potions
 g - a potion of mutation {unknown}
 i - a potion of curing {unknown}
 j - a potion of attraction {unknown}


   Skills:
 + Level 2.5 Fighting
 + Level 2.6 Dodging
 - Level 3.1 Unarmed Combat
 + Level 3.4 Shapeshifting


You had 3 spell levels left.
You didn't know any spells.
Your spell library contained the following spells:

 Spells                   Type           Power      Damage    Failure   Level
 Scorch                   Fire           0%         2d5       54%         2
 Flame Wave               Conj/Fire      0%         2d4       99%         4
 Summon Cactus Giant      Summ           0%         N/A       100%        6


Dungeon Overview and Level Annotations

Branches:
Dungeon (2/15)

Altars:


Innate Abilities, Weirdness & Mutations

You are a hulking beast.
Your limbs bulge with bestial killing power. (Slay +2)
Your plain brown scales are hard. (AC +5)
You cannot fit into any form of body armour.
You are cold-blooded and may be slowed by cold attacks.


Message History

You start putting on your amulet.
You continue putting on your amulet of the acrobat.
The gnoll hits you but does no damage.
You continue putting on your amulet of the acrobat.
The gnoll hits you but does no damage.
You continue putting on your amulet of the acrobat.
The gnoll hits you but does no damage.
You continue putting on your amulet of the acrobat.
The gnoll hits you from afar with a +0 spear.
You continue putting on your amulet of the acrobat.
The gnoll hits you but does no damage.
You finish putting on your amulet of the acrobat.
You feel ready to tumble and roll out of harm's way.
a - an amulet of the acrobat (around neck)
A gnoll is nearby!
Your transformation is almost over.
The gnoll hits you but does no damage. The gnoll hits you but does no damage.
The gnoll hits you but does no damage. The gnoll hits you but does no damage.
The gnoll hits you but does no damage. The gnoll hits you but does no damage.
The gnoll hits you from afar with a +0 spear.
You take 2 damage, and have 32/55 hp.
The gnoll hits you but does no damage.
You feel less wooden.
You turn into a hulking beast.
The gnoll closely misses you.
You now have 22/37 hp.
The gnoll completely misses you.
Items here: ))) †††.
c - a +2 whip of venom The gnoll hits you with a +0 spear.
You take 1 damage, and have 21/37 hp.
You hit the gnoll.
Flame seeps out of the gnoll.
The gnoll is moderately wounded.
The gnoll is engulfed in blazing flames.
The gnoll explodes!
The fiery explosion engulfs you!!
Ouch! That really hurt!
You die...

####################
...................# ...#.
# #####....#######.# .....
# #.#<....§○h..#......
#######.#...##§§####......
..).....#...###.####.....~
........#..†###.##....~.P.
.........†..†..(...~..~P~≈
#..P~.....~....(..~~~~~≈≈≈
####~~~~≈~~PP≈~~~~≈P~≈≈≈≈≈
##≈≈≈P~≈~≈≈≈≈≈≈≈≈~~~≈≈≈≈≈≈
≈≈≈≈≈≈≈≈≈≈≈≈≈~≈~~~~≈≈≈P~~P


There were no monsters in sight!

Vanquished Creatures
  4 gnolls (D:2)
  2 worms (D:2)
  3 endoplasms
  A giant cockroach (D:1)
  2 goblins (D:2)
  6 hobgoblins
  A quokka (D:1)
  4 ball pythons
  5 bats
  2 frilled lizards (D:1)
  5 kobolds (D:1)
  3 rats
38 creatures vanquished.

Notes
Turn   | Place    | Note
-------+----------+-------------------------------------------
     0 | D:1      | Ofeo the Draconian Shapeshifter began the quest for the
                  | Orb.
     0 | D:1      | Reached XP level 1. HP: 16/16 MP: 1/1
   122 | D:1      | Reached XP level 2. HP: 23/23 MP: 2/2
   997 | D:2      | Reached XP level 3. HP: 29/29 MP: 3/3
  1186 | D:2      | Reached XP level 4. HP: 36/37 MP: 4/4
  1218 | D:2      | Identified a scroll of acquirement
  1218 | D:2      | Acquired an amulet of the acrobat
  1236 | D:2      | Killed by an exploding gnoll... ignited by their inner
                  | flame

Illustrated notes

Levels and vault maps discovered:
D:1:      psy_arrival_fountain, layout_basic, minmay_strange_pillars,
          serial_bayou_pond_e
D:2:      layout_basic, shapermc_ecumenical_altar_acropolis, chequers_big_river

Skill      XL: |  1  2 |
---------------+-------+-----
Dodging        | 2 |  2.6
Fighting       | 2 |  2.5
Unarmed Combat | |  3.1
Shapeshifting  | |  3.4

Action                     |  1- 3 |  4- 6 || total
---------------------------+-------+-------++-------
  Melee: Unarmed           |    73 |     1 ||    74
         Tailslap          |     6 |       ||     6
         Punch             |     2 |       ||     2
  Throw: Dart              |     8 |       ||     8
    Use: Potion            |     1 |       ||     1
         Scroll            |       |     2 ||     2
 Armour: Skin              |    24 |    21 ||    45
  Dodge: Dodged            |    38 |     2 ||    40

Table legend: (Time is in decaauts)
 A = Elapsed time spent in this place.
 B = Non-inter-level travel time spent in this place.
 C = Inter-level travel time spent in this place.
 D = Time resting spent in this place.
 E = Time spent auto-exploring this place.
 F = Levels seen in this place.
 G = Mean time per level.
                   A        B        C        D        E       F      G
               +--------+--------+--------+--------+--------+-----+--------+
         Total |   1240 |   1214 |     26 |     15 |    893 |   2 |  620.0 |
       Dungeon |   1240 |   1214 |     26 |     15 |    893 |   2 |  620.0 |
               +--------+--------+--------+--------+--------+-----+--------+

Top non-repeatable levels by time:
     D:1: 920 daAuts
     D:2: 320 daAuts
